Map: Bastion of the Conclave

Players

AquilesBr

  • Race: Terran Terran
  • Spawn Location: 12:00

WeaponXXX

  • Race: Zerg Zerg
  • Spawn Location: 12:00

johan

  • Race: Terran Terran
  • Spawn Location: 0:00

Logan

  • Race: Terran Terran
  • League: Silver
  • Spawn Location: 6:00

Metasapien

  • Race: Zerg Zerg
  • League: Gold
  • Spawn Location: 6:00

BigDaddy

  • Race: Zerg Zerg
  • League: Gold
  • Spawn Location: 6:00

VOD

Have the link to the VOD?

Description

Time

  • Played on: Sept. 16, 2017, 5:52 p.m.
  • Length: 10:17
Show
View Real Time Build Order
Export as new Build Order

AquilesBr Terran 

Build Orders:  

Get SALT Encoding   

  12  0:02  SCV  
  13  0:14  SCV  
  14  0:22  Supply Depot  
  14  0:26  SCV  
  15  0:44  SCV  
  15  0:47  Barracks  
  16  0:52  Refinery  
  16  0:56  SCV  
  17  1:08  SCV  
  18  1:20  SCV  
  19  1:32  SCV  
  20  1:39  Refinery  
  20  1:43  Bunker  
  20  1:44  SCV  
  21  1:48  Marine  
  22  1:58  Orbital Command  
  22  2:05  Marine, Supply Depot  
  23  2:13  Factory  
  23  2:25  Barracks  
  23  2:27  Marine  
  24  2:32  SCV  
  25  2:38  Supply Depot  
  25  2:53  Barracks Tech Lab  
  25  2:57  Factory Tech Lab  
  25  3:00  SCV  
  26  3:07  Command Center  
  26  3:12  SCV  
  27  3:16  Marine  
  28  3:21  Siege Tank  
  31  3:29  Barracks Reactor  
  31  3:30  SCV  
  32  3:38  Supply Depot  
  32  3:41  Marine  
  32  3:42  SCV  
  34  3:53  Siege Tank  
  34  3:54  SCV  
  38  4:01  Marine  
  39  4:19  Engineering Bay, SCV, Marine  
  39  4:23  Orbital Command  
  41  4:32  SCV, Marine x2  
  41  4:37  Marine  
  45  4:44  SCV  
  46  4:53  SCV  
  46  4:56  SCV  
  46  4:58  Marine x2  
  50  5:00  Stimpack  
  50  5:05  SCV  
  51  5:08  SCV  
  51  5:11  Missile Turret  
  52  5:14  Missile Turret x2  
  52  5:17  Missile Turret, SCV  
  52  5:18  Marine x2  
  52  5:20  SCV  
  56  5:23  Siege Tank  
  56  5:24  Marine  
  60  5:29  SCV  
  60  5:35  SCV  
  62  5:42  Supply Depot  
  62  6:03  Missile Turret  
  62  6:04  Supply Depot, SCV x2, Marine  
  65  6:16  SCV x2  
  64  6:27  Marine x3  
  64  6:28  SCV x2  
  67  6:40  SCV x2  
  67  6:42  Siege Tank  
  67  6:45  Marine x3  
  67  6:46  Command Center  
  75  6:51  Starport  
  75  6:52  SCV x2  
  77  6:59  Terran Infantry Armor Level 1  
  77  7:03  Marine  
  77  7:05  Engineering Bay  
  78  7:12  Barracks  
  78  7:16  Barracks  
  78  7:18  Refinery  
  78  7:38  Liberator  
  78  7:55  SCV x2, Marine x3  
  89  8:13  Marine x3  
  92  8:20  Missile Turret  
  92  8:23  Missile Turret  
  89  8:31  Marine x3  
  84  8:43  Marine x2  
  64  8:49  Marine x3  
  64  8:53  Siege Tank  
  67  8:58  Orbital Command  
  67  9:01  Marine x2  
  69  9:02  Supply Depot  
  69  9:05  Starport Reactor  
  69  9:06  Marine x3  
  72  9:11  Refinery  
  72  9:16  Armory  
  72  9:19  Armory, Marine x2  
  74  9:24  Marine  
  74  9:25  Siege Tank  
Show
View Real Time Build Order
Export as new Build Order

WeaponXXX Zerg 

Build Orders: 3 Hatch before Pool 

Get SALT Encoding   

  12  0:19  Drone x2  
  14  0:26  Overlord  
  14  0:47  Drone x2  
  16  0:51  Drone, Extractor  
  16  1:02  Drone  
  17  1:15  Drone  
  18  1:36  Hatchery x2  
  16  1:47  Drone  
  17  1:57  Drone x2  
  19  2:12  Extractor  
  19  2:13  Drone x2  
  20  2:18  Spawning Pool  
  19  2:28  Drone  
  20  2:33  Drone  
  21  2:42  Overlord  
  21  2:49  Drone  
  22  3:05  Lair  
  22  3:08  Drone  
  22  3:09  Drone x4  
  22  3:10  Queen x2  
  31  3:19  Drone  
  33  3:20  Drone x2  
  34  3:35  Drone  
  34  3:36  Drone x4  
  39  3:45  Overlord x2  
  39  4:07  Spine Crawler  
  38  4:10  Spine Crawler  
  38  4:13  Drone x2  
  38  4:14  Drone x3  
  38  4:15  Spore Crawler, Spine Crawler  
  40  4:20  Spine Crawler  
  40  4:21  Queen  
  41  4:32  Drone  
  41  4:33  Hydralisk Den  
  41  4:37  Drone x3  
  44  4:39  Drone x2  
  44  4:42  Extractor  
  44  4:44  Extractor  
  44  4:46  Drone  
  44  4:47  Drone x2  
  47  4:54  Drone x3  
  47  4:59  Drone x3  
  53  5:05  Drone x3  
  56  5:14  Muscular Augments  
  56  5:20  Drone x2, Infestation Pit  
  57  5:23  Overlord x2  
  57  5:25  Drone  
  58  5:33  Evolution Chamber  
  58  5:34  Evolution Chamber  
  58  5:35  Evolution Chamber  
  55  5:38  Drone  
  55  5:39  Drone x2  
  58  5:44  Drone x2  
  58  5:45  Drone x4  
  58  5:49  Extractor  
  63  5:50  Extractor  
  62  6:04  Zerg Missile Weapons Level 1  
  62  6:05  Zerg Ground Armor Level 1  
  62  6:06  Hydralisk x2  
  62  6:07  Hydralisk x3  
  72  6:17  Overlord  
  72  6:18  Overlord x3  
  72  6:26  Hive  
  72  6:28  Pneumatized Carapace  
  72  6:31  Burrow  
  72  6:34  Overseer  
  72  6:35  Overseer  
  72  6:39  Overlord x4  
  72  6:51  Drone x3  
  72  6:53  Drone x2  
  72  6:54  Drone  
  78  6:56  Drone  
  78  6:57  Drone  
  80  7:07  Hydralisk  
  80  7:08  Hydralisk x3  
  86  7:11  Hydralisk  
  86  7:12  Hydralisk  
  86  7:14  Hydralisk  
  94  7:29  Hatchery  
  93  7:36  Hydralisk x9  
  111  7:59  Zerg Missile Weapons Level 2, Zerg Ground Armor Level 2  
  111  8:01  Zerg Melee Weapons Level 1  
  111  8:06  Hydralisk  
  111  8:07  Hydralisk x8  
  129  8:23  Overlord x6  
  117  9:22  Hydralisk  
  117  9:23  Hydralisk x23  
  117  9:24  Hydralisk  
Show
View Real Time Build Order
Export as new Build Order

johan Terran 

Build Orders:  

Get SALT Encoding   

  12  1:20  SCV  
  12  1:25  Refinery  
  13  1:27  Supply Depot  
  13  1:31  Supply Depot  
  13  1:32  Refinery, SCV  
  14  1:44  SCV  
  15  1:56  SCV  
  15  2:01  Barracks  
  16  2:02  Barracks  
  16  2:04  Barracks  
  16  2:08  SCV  
  17  2:20  SCV  
  18  2:32  SCV  
  19  2:37  Supply Depot  
  19  2:44  SCV  
  19  2:47  Engineering Bay  
  20  2:51  Barracks Reactor  
  20  2:52  Barracks Reactor x2  
  20  2:56  SCV  
  21  3:12  Orbital Command  
  21  3:20  Supply Depot  
  21  3:30  Reaper x4  
  21  3:31  Reaper  
  26  3:35  Reaper  
  27  3:45  Missile Turret  
  27  4:02  Reaper x3  
  30  4:05  Missile Turret  
  30  4:08  Marine x3  
  33  4:21  Supply Depot  
  33  4:26  Reaper x2  
  35  4:31  Marine  
  35  4:33  Marine  
  35  4:34  Marine x2  
  39  4:50  Reaper  
  39  4:52  Reaper x3  
  43  4:59  SCV  
  44  5:02  Reaper  
  45  5:08  Reaper  
  45  5:11  SCV  
  47  5:18  Supply Depot  
  47  5:23  SCV, Reaper  
  49  5:35  SCV  
  50  5:37  Reaper x2  
  52  6:02  Factory  
  29  7:10  Reaper x3  
  29  7:11  Reaper x3  
  31  7:24  Command Center  
  31  7:25  SCV  
  32  7:37  SCV  
  32  7:42  Reaper x2, Marine x2  
  32  7:43  Factory Tech Lab, Marine x2  
  39  7:46  Terran Infantry Weapons Level 1  
  39  7:49  SCV  
  40  8:00  Marine x2  
  40  8:01  SCV, Marine x2  
  40  8:13  SCV  
  40  8:14  Marine x2  
  40  8:18  Marine x4  
  46  8:25  SCV  
  47  8:32  Marine x2  
  49  8:36  Marine x2, Reaper x2  
  49  8:37  SCV  
  54  8:50  Marine x2  
  54  8:54  Marine x2  
  57  9:08  Reaper x2, Marine x2  
  61  9:12  Marine  
  54  9:43  Marine x3  
  54  9:44  Reaper  
  57  9:52  Starport  
Show
View Real Time Build Order
Export as new Build Order

Logan Terran 

Build Orders: MMM Bio 

Get SALT Encoding   

  12  0:04  SCV  
  13  0:24  SCV  
  13  0:27  Supply Depot  
  14  0:39  Refinery  
  14  0:40  SCV  
  15  0:53  Barracks  
  15  0:59  SCV  
  16  1:11  SCV  
  17  1:23  SCV  
  18  1:35  SCV  
  19  1:45  Factory  
  19  1:50  Barracks  
  19  2:05  Barracks Reactor  
  19  2:18  Orbital Command  
  19  2:19  Command Center  
  19  2:29  Refinery  
  19  2:44  Marine x2  
  19  2:45  Barracks Tech Lab  
  19  2:50  Factory Tech Lab  
  21  2:57  SCV  
  22  3:25  Marine  
  23  3:30  Siege Tank, Marine, Supply Depot  
  23  3:34  Orbital Command  
  27  3:53  Marine x3  
  27  3:54  Combat Shields  
  27  3:55  Supply Depot  
  30  4:11  Marine x2  
  30  4:15  Barracks  
  30  4:16  SCV  
  33  4:22  Marine  
  34  4:29  SCV, Marine  
  36  4:36  Siege Tank  
  36  4:38  Marine  
  40  4:40  Marine  
  40  4:43  SCV  
  42  4:47  SCV  
  43  4:59  SCV  
  42  5:29  Siege Tank  
  45  5:42  Marine  
  45  5:43  Marine  
  45  5:45  Stimpack  
  45  5:48  Barracks Reactor  
  47  6:02  Marine  
  47  6:03  Marine x2  
  46  6:20  Marine  
  33  7:02  Marine x3  
  36  7:17  Siege Tank  
  36  7:18  SCV  
  40  7:30  SCV  
  41  7:43  SCV  
  42  7:58  SCV  
  43  8:01  SCV  
  44  8:09  Command Center  
  44  8:10  SCV  
  45  8:13  Command Center, SCV  
  45  8:17  Marine  
  45  8:18  Marine x4  
  51  8:21  Siege Tank  
  51  8:22  SCV  
  51  8:25  SCV  
  56  8:34  SCV  
  56  8:35  Marine x2  
  56  8:36  Marine x3  
  56  8:40  Engineering Bay  
  62  9:06  SCV  
  56  9:18  SCV  
  50  9:33  Orbital Command  
Show
View Real Time Build Order
Export as new Build Order

Metasapien Zerg 

Build Orders: Hatch First 

Get SALT Encoding   

  12  0:05  Drone  
  13  0:15  Drone  
  13  0:18  Overlord  
  14  0:22  Extractor  
  14  0:25  Drone  
  15  0:41  Drone  
  15  0:42  Drone  
  17  0:58  Hatchery  
  17  1:02  Drone  
  17  1:15  Spawning Pool  
  17  1:17  Drone  
  17  1:29  Drone  
  18  1:35  Extractor  
  17  1:43  Drone  
  17  1:45  Drone x2  
  20  1:55  Overlord  
  20  2:05  Drone  
  21  2:09  Queen  
  21  2:11  Overlord  
  23  2:19  Drone  
  24  2:23  Drone  
  25  2:31  Queen  
  25  2:33  Overlord x2  
  27  2:38  Extractor  
  27  2:42  Roach Warren  
  25  2:44  Drone  
  25  2:51  Drone  
  27  2:55  Drone  
  27  2:58  Metabolic Boost  
  28  3:00  Drone  
  28  3:01  Drone  
  28  3:05  Drone  
  31  3:21  Drone  
  31  3:22  Drone  
  31  3:24  Drone  
  34  3:27  Drone  
  34  3:31  Drone x3  
  38  3:34  Extractor  
  37  3:45  Overlord  
  37  3:46  Roach  
  39  3:49  Lair  
  39  3:58  Drone x4  
  39  3:59  Drone x2  
  39  4:02  Extractor  
  44  4:09  Drone  
  45  4:26  Roach x3  
  45  4:27  Zergling x4  
  53  4:35  Drone  
  53  4:37  Overlord  
  53  4:38  Overlord x2  
  54  4:45  Pneumatized Carapace  
  54  4:48  Queen  
  56  4:53  Hydralisk Den  
  56  4:54  Roach x5  
  56  4:58  Infestation Pit  
  64  5:08  Drone  
  64  5:10  Drone x2  
  67  5:19  Roach x2  
  67  5:20  Roach  
  73  5:24  Drone  
  74  5:29  Hydralisk  
  76  5:36  Overlord x2  
  76  5:37  Overlord  
  76  5:38  Glial Reconstitution  
  76  5:41  Hive  
  76  5:43  Muscular Augments  
  76  5:48  Evolution Chamber  
  75  5:51  Evolution Chamber  
  74  6:06  Queen  
  74  6:09  Overlord x3  
  74  6:10  Roach  
  78  6:15  Drone x4  
  82  6:32  Roach x2, Hydralisk x2  
  90  6:53  Hatchery  
  87  7:13  Hydralisk, Zerg Ground Armor Level 1, Zerg Missile Weapons Level 1  
  87  7:14  Roach x2, Hydralisk x3  
  87  7:15  Roach x2  
  103  7:40  Tunneling Claws  
  103  7:43  Burrow, Hydralisk  
  103  7:44  Roach x2, Hydralisk x3  
  103  7:45  Roach x2  
  119  8:04  Hatchery  
  119  8:05  Drone  
  119  8:15  Drone  
  120  8:20  Ravager x4  
  120  8:21  Ravager  
  120  8:22  Ravager  
  126  8:37  Overlord  
  126  8:38  Overlord x2  
  59  9:03  Hydralisk  
  59  9:04  Roach x2, Hydralisk x5  
  59  9:05  Roach x4  
  74  9:15  Hydralisk  
  74  9:16  Zergling x4  
  74  9:17  Zergling x8  
  62  9:34  Hydralisk  
  62  9:35  Roach x3, Hydralisk  
  37  9:51  Zergling x2  
  37  9:52  Zergling x10  
  41  9:53  Zergling x2  
Show
View Real Time Build Order
Export as new Build Order

BigDaddy Zerg 

Build Orders: Hatch First 

Get SALT Encoding   

  12  0:02  Drone  
  13  0:11  Drone  
  14  0:30  Extractor  
  14  0:32  Extractor  
  14  0:33  Drone x2  
  16  0:54  Hatchery  
  15  1:02  Spawning Pool  
  14  1:04  Extractor  
  14  1:08  Drone  
  14  1:13  Overlord  
  14  1:36  Drone x3  
  17  1:49  Queen  
  17  1:50  Extractor  
  17  1:54  Spore Crawler  
  17  2:06  Metabolic Boost  
  17  2:08  Zergling x4  
  19  2:16  Zergling x2  
  19  2:19  Drone  
  22  2:22  Zergling x2  
  22  2:28  Zergling x2  
  23  2:38  Zergling x2  
  23  2:40  Zergling x2  
  25  2:46  Drone x2  
  27  2:52  Drone  
  28  2:59  Overlord  
  28  3:16  Overlord  
  28  3:19  Zergling x4  
  30  3:21  Drone  
  31  3:27  Zergling x2  
  31  3:33  Zergling x2  
  31  3:34  Zergling x2  
  34  3:36  Drone  
  35  3:44  Zergling x2  
  35  3:45  Drone  
  37  3:48  Drone  
  38  3:57  Zergling x2  
  38  3:59  Drone  
  38  4:00  Spore Crawler  
  39  4:09  Baneling Nest  
  38  4:15  Overlord, Drone  
  38  4:17  Zergling x2  
  40  4:30  Lair  
  40  4:32  Drone  
  40  4:33  Drone  
  40  4:34  Drone  
  43  4:42  Zergling x6  
  46  5:01  Overlord, Zergling x6  
  46  5:02  Zergling x2  
  50  5:15  Baneling x7  
  50  5:16  Baneling x7  
  50  5:17  Baneling  
  50  5:18  Zergling x4  
  50  5:19  Zergling x2  
  53  5:44  Drone x2  
  53  5:45  Drone x3  
  58  5:53  Overseer  
  58  5:58  Zergling x4  
  49  6:24  Zergling x10  
  22  7:00  Queen  
  16  7:04  Drone x6  
  20  7:18  Spire  
  20  7:21  Overseer  
  19  7:28  Drone x4  
  23  7:36  Queen  
  25  7:43  Overlord x2  
  25  7:46  Extractor  
  25  7:48  Drone x2, Extractor  
  25  7:56  Spine Crawler  
  25  7:58  Spine Crawler  
  23  8:00  Queen  
  23  8:01  Drone x2  
  27  8:09  Drone x4  
  31  8:19  Drone  
  32  8:23  Drone  
  33  8:33  Mutalisk x2  
  37  8:40  Spore Crawler  
  36  8:47  Drone x3  
  36  8:48  Drone x2  
  41  8:59  Overlord x2  
  41  9:11  Zergling x4  
  41  9:13  Zergling x4  
  41  9:14  Zergling x2  
  46  9:27  Hydralisk Den  
  46  9:29  Evolution Chamber  
  46  9:30  Evolution Chamber  
  43  9:49  Mutalisk x3  
Tags
 
Add a new tag
Caveats
  • Supply blocks, unpowered buildings, or Contaminate may cause inaccurate times.
  • Supply counts are checked every 10 seconds.